PAAA
MILTON DOGFISH HEAD @ NAPERVILLE BATTLEKINGS
07/03/2030
 
TOP OF THE 1ST
Milton Dogfish Head batting - Pitching for Naperville Battlekings : RHP José López
Pitching: RHP José López
Batting: RHB Miguel Montoya 0-0: Ball
1-0: Called Strike
1-1: Swinging Strike
1-2: Ball
2-2: Ball
3-2: Ground out 5-3 (Groundball, 56)
Batting: RHB Darrell Terwey 0-0: Called Strike
0-1: Ball
1-1: Ball
2-1: Ground out 5-3 (Groundball, 5)
Batting: RHB Yves Girard 0-0: Foul Ball, location: 2F
0-1: Ball
1-1: Ground out U3 (Groundball, 23)
Top of the 1st over - 0 runs, 0 hits, 0 errors, 0 left on base; Milton 0 - Naperville 0
BOTTOM OF THE 1ST
Naperville Battlekings batting - Pitching for Milton Dogfish Head : RHP Oliver Huerta
Pitching: RHP Oliver Huerta
Batting: LHB Arthur Ryan 0-0: Ball
1-0: Called Strike
1-1: Called Strike
1-2: Ball
2-2: Ball
3-2: Strikes out swinging
Batting: LHB Marcos Costa 0-0: Ball
1-0: Fly out, F1 (Line Drive, 13)
Batting: RHB António Guzmán 0-0: Called Strike
0-1: Ball
1-1: Called Strike
1-2: Ball
2-2: Strikes out swinging
Bottom of the 1st over - 0 runs, 0 hits, 0 errors, 0 left on base; Milton 0 - Naperville 0
TOP OF THE 2ND
Milton Dogfish Head batting - Pitching for Naperville Battlekings : RHP José López
Batting: SHB Tony Walsh 0-0: Ball
1-0: Foul Ball, location: 2F
1-1: Foul Ball, location: 2F
1-2: Ball
2-2: Foul Ball, location: 2F
2-2: Ball
3-2: Strikes out swinging
Batting: RHB Rich Flannery 0-0: Ball
1-0: Fly out, F7 (Flyball, 7D)
Batting: SHB Alejandro Castillo 0-0: Ball
1-0: Ball
2-0: Ball
3-0: Base on Balls
Batting: RHB Lorenzo Rosas 0-0: Ball
1-0: Called Strike
1-1: Swinging Strike
1-2: Ball
2-2: Foul Ball, location: 2F
2-2: Ball
Wild Pitch!
Alejandro Castillo to second
3-2: SINGLE (Groundball, 56D)
Alejandro Castillo to third
Alejandro Castillo scores
Batting: RHB Miguel Uribe 0-0: Called Strike
0-1: Ground out 4-3 (Groundball, 4)
Top of the 2nd over - 1 run, 1 hit, 0 errors, 1 left on base; Milton 1 - Naperville 0
BOTTOM OF THE 2ND
Naperville Battlekings batting - Pitching for Milton Dogfish Head : RHP Oliver Huerta
Batting: RHB Jorge Baker 0-0: Foul Ball, location: 2F
0-1: Foul Ball, location: 2F
0-2: Foul Ball, location: 2F
0-2: Ball
1-2: Ball
2-2: Foul Ball, location: 2F
2-2: Strikes out swinging
Batting: SHB Alex Mable 0-0: Called Strike
0-1: SINGLE (Line Drive, 3D)
Batting: RHB Javier Robles 0-0: Swinging Strike
0-1: Ball
1-1: Ball
2-1: Foul Ball, location: 2F
2-2: Ball
3-2: Strikes out swinging
Batting: LHB Philip Strickland 0-0: Called Strike
0-1: Fielders Choice at 2nd, 6-4 (Groundball, 6)
Bottom of the 2nd over - 0 runs, 1 hit, 0 errors, 1 left on base; Milton 1 - Naperville 0
TOP OF THE 3RD
Milton Dogfish Head batting - Pitching for Naperville Battlekings : RHP José López
Batting: SHB Enrique Costello 0-0: Ground out U3 (Groundball, 34)
Batting: RHB Miguel Montoya 0-0: Called Strike
0-1: Ball
1-1: Fly out, F8 (Flyball, 8LXD)
Batting: RHB Darrell Terwey 0-0: Called Strike
0-1: Ball
1-1: Swinging Strike
1-2: Strikes out swinging
Top of the 3rd over - 0 runs, 0 hits, 0 errors, 0 left on base; Milton 1 - Naperville 0
BOTTOM OF THE 3RD
Naperville Battlekings batting - Pitching for Milton Dogfish Head : RHP Oliver Huerta
Batting: RHB Fernando Martínez 0-0: Ball
1-0: Ball
2-0: Ball
3-0: Base on Balls
Batting: RHB Edward Payne 0-0: Ball
1-0: Ball
2-0: Called Strike
2-1: Ball
3-1: Fly out, F9 (Flyball, 89S)
Batting: LHB Arthur Ryan 0-0: Swinging Strike
0-1: Ball
1-1: Ball
2-1: Called Strike
2-2: Fielders Choice at 2nd, 4-6 (Groundball, 34)
Batting: LHB Marcos Costa 0-0: Ball
1-0: Ball
2-0: Swinging Strike
2-1: Foul Ball, location: 2F
2-2: Strikes out swinging
Bottom of the 3rd over - 0 runs, 0 hits, 0 errors, 1 left on base; Milton 1 - Naperville 0
TOP OF THE 4TH
Milton Dogfish Head batting - Pitching for Naperville Battlekings : RHP José López
Batting: RHB Yves Girard 0-0: Ball
1-0: Swinging Strike
1-1: Ground out 5-3 (Groundball, 56)
Batting: SHB Tony Walsh 0-0: Foul Ball, location: 2F
0-1: Ground out 4-3 (Groundball, 4M)
Batting: RHB Rich Flannery 0-0: Ball
1-0: Ball
2-0: Foul Ball, location: 2F
2-1: Ball
3-1: Swinging Strike
3-2: Base on Balls
Batting: SHB Alejandro Castillo 0-0: Called Strike
0-1: Fly out, F7 (Flyball, 7LS)
Top of the 4th over - 0 runs, 0 hits, 0 errors, 1 left on base; Milton 1 - Naperville 0
BOTTOM OF THE 4TH
Naperville Battlekings batting - Pitching for Milton Dogfish Head : RHP Oliver Huerta
Batting: RHB António Guzmán 0-0: Ball
1-0: Ball
2-0: Ball
3-0: Called Strike
3-1: Swinging Strike
3-2: Fly out, F9 (Flyball, 9D)
Batting: RHB Jorge Baker 0-0: Ball
1-0: Called Strike
1-1: Ball
2-1: SINGLE (Line Drive, 6D)
Batting: SHB Alex Mable 0-0: Ball
1-0: Called Strike
1-1: Swinging Strike
1-2: Ball
2-2: Strikes out swinging
Batting: RHB Javier Robles 0-0: Foul Ball, location: 2F
0-1: Ball
1-1: Ball
2-1: Called Strike
2-2: Ground out 1-3 (Groundball, 13S)
Bottom of the 4th over - 0 runs, 1 hit, 0 errors, 1 left on base; Milton 1 - Naperville 0
TOP OF THE 5TH
Milton Dogfish Head batting - Pitching for Naperville Battlekings : RHP José López
Batting: RHB Lorenzo Rosas 0-0: Called Strike
0-1: Ball
1-1: Ball
2-1: Ball
3-1: Base on Balls
Batting: RHB Miguel Uribe 0-0: Ball
1-0: Foul Ball, location: 2F
1-1: Ball
2-1: Ball
3-1: Foul Ball, location: 2F
3-2: SINGLE (Flyball, 8RS)
Lorenzo Rosas to second
Batting: SHB Enrique Costello 0-0: Bunted foul
0-1: Ball
1-1: Bunted foul
1-2: Fielders Choice at 2nd, 1-4 (Groundball, 15)
Lorenzo Rosas to third
Batting: RHB Miguel Montoya 0-0: Ball
1-0: Fly out, F3 (Popup, 3S)
Batting: RHB Darrell Terwey 0-0: SINGLE (Flyball, 89S)
Lorenzo Rosas scores
Enrique Costello to second
Runner from 2nd tries for 3rd, SAFE, no throw
Batting: RHB Yves Girard 0-0: SINGLE (Line Drive, 78S)
Enrique Costello scores
Darrell Terwey to second
Batting: SHB Tony Walsh 0-0: Ball
1-0: Ball
2-0: Ball
3-0: Foul Ball, location: 2F
3-1: Foul Ball, location: 2F
3-2: Strikes out swinging, 2-3 out at first.
Top of the 5th over - 2 runs, 3 hits, 0 errors, 2 left on base; Milton 3 - Naperville 0
BOTTOM OF THE 5TH
Naperville Battlekings batting - Pitching for Milton Dogfish Head : RHP Oliver Huerta
Batting: LHB Philip Strickland 0-0: Ground out 4-3 (Groundball, 34D)
Batting: RHB Fernando Martínez 0-0: Called Strike
0-1: Ball
1-1: Foul Ball, location: 2F
1-2: Ground out 5-3 (Groundball, 56)
Batting: RHB Edward Payne 0-0: Fly out, F6 (Flyball, 56D)
Bottom of the 5th over - 0 runs, 0 hits, 0 errors, 0 left on base; Milton 3 - Naperville 0
TOP OF THE 6TH
Milton Dogfish Head batting - Pitching for Naperville Battlekings : RHP José López
Batting: RHB Rich Flannery 0-0: Called Strike
0-1: Ground out 5-3 (Groundball, 56)
Batting: SHB Alejandro Castillo 0-0: Called Strike
0-1: Fly out, F7 (Flyball, 7S)
Batting: RHB Lorenzo Rosas 0-0: Called Strike
0-1: Ball
1-1: Swinging Strike
1-2: Foul Ball, location: 2F
1-2: Foul Ball, location: 2F
1-2: Foul Ball, location: 2F
1-2: Fly out, F5 (Popup, 5S)
Top of the 6th over - 0 runs, 0 hits, 0 errors, 0 left on base; Milton 3 - Naperville 0
BOTTOM OF THE 6TH
Naperville Battlekings batting - Pitching for Milton Dogfish Head : RHP Oliver Huerta
Batting: LHB Arthur Ryan 0-0: Called Strike
0-1: Foul Ball, location: 2F
0-2: Ball
1-2: Fly out, F7 (Line Drive, 7)
Batting: LHB Marcos Costa 0-0: Called Strike
0-1: Swinging Strike
0-2: Strikes out swinging
Batting: RHB António Guzmán 0-0: Ball
1-0: Fly out, F8 (Flyball, 8RS)
Bottom of the 6th over - 0 runs, 0 hits, 0 errors, 0 left on base; Milton 3 - Naperville 0
TOP OF THE 7TH
Milton Dogfish Head batting - Pitching for Naperville Battlekings : RHP José López
Batting: RHB Miguel Uribe 0-0: Called Strike
0-1: Ground out 4-3 (Groundball, 4)
Batting: SHB Enrique Costello 0-0: Fly out, F7 (Flyball, 7D)
Batting: RHB Miguel Montoya 0-0: Ball
1-0: Called Strike
1-1: Called Strike
1-2: Ball
2-2: Strikes out swinging
Top of the 7th over - 0 runs, 0 hits, 0 errors, 0 left on base; Milton 3 - Naperville 0
BOTTOM OF THE 7TH
Naperville Battlekings batting - Pitching for Milton Dogfish Head : RHP Oliver Huerta
Batting: RHB Jorge Baker 0-0: Fly out, F8 (Flyball, 8LD)
Batting: SHB Alex Mable 0-0: Ball
1-0: Ball
2-0: Ball
3-0: Called Strike
3-1: Base on Balls
Batting: RHB Javier Robles 0-0: Ball
1-0: Foul Ball, location: 2F
1-1: Ball
2-1: Foul Ball, location: 2F
2-2: Grounds into double play, 6-4-3 (Groundball, 6M)
Bottom of the 7th over - 0 runs, 0 hits, 0 errors, 0 left on base; Milton 3 - Naperville 0
TOP OF THE 8TH
Milton Dogfish Head batting - Pitching for Naperville Battlekings : RHP José López
Batting: RHB Darrell Terwey 0-0: SINGLE (Flyball, 4MD)
Batting: RHB Yves Girard 0-0: Called Strike
0-1: Ball
1-1: Ball
2-1: Fly out, F4 (Flyball, 4D)
Batting: SHB Tony Walsh Pickoff Throw to First - Out!
0-0: Ball
1-0: Ball
2-0: Swinging Strike
2-1: Ball
3-1: Called Strike
3-2: Base on Balls
Batting: RHB Rich Flannery 0-0: Called Strike
0-1: Ball
1-1: SINGLE (Groundball, 56D)
Tony Walsh to second
Pitching: RHP Mario Gonzáles
Batting: SHB Alejandro Castillo 0-0: Ball
1-0: Foul Ball, location: 2F
1-1: Swinging Strike
1-2: Strikes out swinging
Top of the 8th over - 0 runs, 2 hits, 0 errors, 2 left on base; Milton 3 - Naperville 0
BOTTOM OF THE 8TH
Naperville Battlekings batting - Pitching for Milton Dogfish Head : RHP Oliver Huerta
Batting: LHB Philip Strickland 0-0: Ball
1-0: Foul Ball, location: 2F
1-1: Swinging Strike
1-2: Fly out, F7 (Flyball, 78S)
Batting: RHB Fernando Martínez 0-0: Called Strike
0-1: Called Strike
0-2: Ball
1-2: Ball
2-2: SINGLE (Line Drive, 56)
Pitching: RHP Vincente Ortíz
Batting: RHB Edward Payne 0-0: Called Strike
0-1: Foul Ball, location: 2F
0-2: Ball
1-2: Ball
2-2: Strikes out looking
Batting: LHB Arthur Ryan 0-0: Ball
1-0: Called Strike
1-1: Fly out, F5 (Popup, 56)
Bottom of the 8th over - 0 runs, 1 hit, 0 errors, 1 left on base; Milton 3 - Naperville 0
TOP OF THE 9TH
Milton Dogfish Head batting - Pitching for Naperville Battlekings : RHP Mario Gonzáles
Batting: RHB Lorenzo Rosas 0-0: Called Strike
0-1: Foul Ball, location: 2F
0-2: Fly out, F7 (Flyball, 78D)
Batting: RHB Miguel Uribe 0-0: Ball
1-0: Reached on error, E5 (Groundball, 56)
Batting: SHB Enrique Costello 0-0: Foul Ball, location: 2F
0-1: Fly out, F8 (Flyball, 78D)
Batting: RHB Miguel Montoya 0-0: SINGLE (Line Drive, 78M)
Miguel Uribe to third
Runner from 3rd tries for Home, SAFE, no throw
Batting: RHB Darrell Terwey 0-0: Ball
1-0: Swinging Strike
1-1: Ball
2-1: Ball
3-1: Base on Balls
Miguel Montoya to second
Batting: RHB Yves Girard 0-0: Ground out 6-3 (Groundball, 6MS)
Top of the 9th over - 1 run, 1 hit, 1 error, 2 left on base; Milton 4 - Naperville 0
BOTTOM OF THE 9TH
Naperville Battlekings batting - Pitching for Milton Dogfish Head : RHP Vincente Ortíz
Batting: LHB Marcos Costa 0-0: SINGLE (Groundball, 4MD)
Batting: RHB António Guzmán 0-0: Ball
1-0: Swinging Strike
1-1: Swinging Strike
1-2: Ball
2-2: Foul Ball, location: 2F
2-2: Reached on error, E6 (Groundball, 6)
Marcos Costa to second
Batting: RHB Jorge Baker 0-0: Ball
1-0: Foul Ball, location: 2F
1-1: Swinging Strike
1-2: Ball
2-2: Ground out 3-1 (Groundball, 34S)
Marcos Costa to third
António Guzmán to second
Batting: SHB Alex Mable 0-0: SINGLE (Line Drive, 9S)
Marcos Costa scores
António Guzmán to third
Batting: RHB Javier Robles 0-0: Foul Ball, location: 2F
0-1: Foul Ball, location: 2F
0-2: Foul Ball, location: 2F
0-2: Strikes out swinging
Batting: LHB Philip Strickland 0-0: Ball
1-0: Foul Ball, location: 2F
1-1: Swinging Strike
1-2: Ball
2-2: Ball
3-2: Base on Balls
Alex Mable to second
Batting: RHB Fernando Martínez 0-0: Ball
1-0: Ball
2-0: Called Strike
2-1: Ball
3-1: Base on Balls
António Guzmán scores
Alex Mable to third
Philip Strickland to second
Batting: RHB Edward Payne 0-0: Ball
1-0: Ball
2-0: Ball
3-0: Base on Balls
Alex Mable scores
Philip Strickland to third
Fernando Martínez to second
Pitching: RHP Nick Richie
Batting: LHB Arthur Ryan 0-0: Called Strike
0-1: Swinging Strike
0-2: Foul Ball, location: 2F
0-2: Foul Ball, location: 2F
0-2: Ball
1-2: Ball
2-2: Ball
3-2: Fly out, F6 (Flyball, 6D)
Bottom of the 9th over - 3 runs, 2 hits, 1 error, 3 left on base; Milton 4 - Naperville 3
Sunday, March 18th, 2018 - OOTP Baseball 18.8 Build 76